AoeStats
← [TodEs] The Andi

MegaRandom

510410994Analyzed
4v4 RM · 3d ago on Sep 30, 2026· 30m 1s· 8 players
Game mode
Random Map
Map size
Large (8 player)
Population
200
Speed
Normal
Resources
Standard
Victory
Conquest
Starting age
Dark Age
Ending age
Imperial Age
RankedLock teamsTeams togetherTeam positionsShared explorationLock speedFull tech treeHidden civsTurbo modeCheats
Victory
Defeat
🇨🇴 Dravidians · Colombia
1332
+15
🇨🇱 Khmer · Chile
1331
+15
🇦🇷 Britons · Argentina
1323
+16
🇺🇸 Malay · United States
1289
+18
🇮🇹 Cumans · Italy
1342
-17
🇫🇷 Byzantines · France
1320
-16
🇷🇺 Mongols · Russia
1317
-16
🇷🇴 Persians · Romania
1293
-15
Welldone
2:59 Loom
8:41 Feudal Age
12:30 Scale Barding Armor
13:00 Forging
20:31 Castle Age
19:17 Double-Bit Axe
20:29 Gold Mining
20:54 Fletching
21:02 Light Cavalry
21:51 Horse Collar
ToileTh
7:07 Loom
9:00 Feudal Age
14:40 Castle Age
15:30 Double-Bit Axe
23:22 Scale Mail Armor
25:30 Loom
26:21 Wheelbarrow
qomio229
2:12 Loom
7:32 Feudal Age
15:33 Fletching
20:57 Castle Age
21:06 Scale Barding Armor
22:35 Chain Barding Armor
23:42 Bloodlines
23:32 Husbandry
27:51 Wheelbarrow
lillithadam20
2:21 Loom
9:04 Feudal Age
9:14 Man-at-Arms
10:20 Double-Bit Axe
10:25 Arson
15:35 Fletching
22:11 Castle Age
21:27 Horse Collar
22:17 Crossbowman
23:05 Thumb Ring
23:29 Bodkin Arrow
dfarfangomez
4:36 Loom
9:24 Feudal Age
10:27 Double-Bit Axe
17:32 Wheelbarrow
Tattletale Strangler
1:45 Loom
9:30 Feudal Age
12:13 Castle Age
10:55 Double-Bit Axe
18:29 Horse Collar
20:20 Wheelbarrow
21:01 Gold Mining
21:43 Town Watch
23:24 Husbandry
24:02 Hand Cart
25:06 Scale Barding Armor
27:10 Heavy Plow
28:55 Forging
30:45 Gold Shaft Mining
30:29 Bow Saw
[TodEs] The Andi
3:45 Loom
9:41 Feudal Age
10:36 Double-Bit Axe
11:30 Gold Mining
12:24 Fletching
14:00 Horse Collar
18:40 Wheelbarrow
21:50 Castle Age
19:58 Padded Archer Armor
22:10 Crossbowman
22:48 Bodkin Arrow
23:08 Leather Archer Armor
24:17 Gold Shaft Mining
24:08 Bow Saw
24:19 Hand Cart
25:50 Ballistics
28:18 Leather Archer Armor
-DOKO-
3:10 Loom
9:00 Feudal Age
13:37 Castle Age
15:56 Fletching
17:07 Double-Bit Axe
17:22 Town Watch
28:02 Wheelbarrow
Connection lost

Rejoining the realm…

Still unreachable

The connection could not be restored.

Session expired

The server has moved on; the page needs a fresh start.